Map: Frozen Temple

Players

TAGurPRGNANT

  • Race: Terran Terran
  • League: Master

Sugar - Winner!

  • Race: Terran Terran
  • League: Master

VOD

Have the link to the VOD?

Description

Time

  • Played on: March 30, 2016, 11:20 p.m.
  • Length: 18:31
Show
View Real Time Build Order
Export as new Build Order

TAGurPRGNANT Terran 

Build Orders: Liberator Opening, Reaper Expand, Bio Tank 

Get SALT Encoding   

  12  0:01  SCV  
  13  0:13  SCV  
  14  0:18  Supply Depot  
  14  0:25  SCV  
  15  0:39  SCV  
  15  0:40  Barracks  
  16  0:45  Refinery  
  16  0:51  SCV  
  17  1:03  SCV  
  18  1:15  SCV  
  19  1:28  Orbital Command, Reaper  
  20  1:44  Command Center  
  20  1:56  SCV  
  20  1:58  Supply Depot  
  21  2:05  Barracks Reactor  
  21  2:10  SCV  
  21  2:13  Refinery  
  22  2:25  Factory  
  22  2:34  SCV  
  23  2:42  Marine x2  
  24  2:46  SCV  
  25  2:55  Orbital Command  
  25  2:58  SCV  
  26  3:07  Marine x2  
  26  3:12  SCV, Factory Tech Lab, Starport  
  29  3:25  Marine x2  
  30  3:28  Engineering Bay  
  30  3:31  Siege Tank  
  30  3:32  Liberator  
  33  3:35  SCV  
  33  3:37  Supply Depot  
  34  3:42  Marine  
  34  3:43  Marine  
  39  4:00  Marine  
  40  4:05  SCV  
  41  4:10  Missile Turret  
  41  4:16  Barracks  
  41  4:19  Missile Turret  
  41  4:20  Marine x2  
  41  4:22  Cyclone  
  46  4:24  SCV  
  46  4:26  Supply Depot  
  47  4:43  SCV  
  48  4:47  Barracks  
  48  4:48  Supply Depot  
  48  4:53  Barracks Tech Lab  
  46  5:03  SCV  
  46  5:06  SCV  
  48  5:10  Medivac x2  
  48  5:12  Orbital Command  
  52  5:24  SCV, Marine  
  54  5:30  Missile Turret, Refinery  
  54  5:32  Barracks Reactor, Stimpack  
  54  5:37  SCV  
  54  5:47  SCV, Marine  
  54  5:49  SCV  
  55  5:59  SCV  
  52  6:05  SCV  
  52  6:08  Marine  
  52  6:10  Siege Tank  
  52  6:11  SCV  
  58  6:15  Barracks Reactor  
  58  6:16  Marine  
  59  6:18  SCV  
  60  6:25  Marine  
  60  6:28  Marine  
  60  6:29  Supply Depot, Terran Infantry Weapons Level 1  
  60  6:31  SCV  
  63  6:35  SCV  
  63  6:37  Marine  
  65  6:42  Medivac  
  65  6:43  SCV, Marine  
  69  6:47  Marine  
  69  6:50  Siege Tank  
  73  6:59  Marine x2  
  75  7:02  Marine x2  
  75  7:05  SCV  
  75  7:07  Supply Depot  
  75  7:08  Supply Depot  
  78  7:10  Refinery  
  78  7:21  Marine  
  78  7:28  SCV, Medivac, Marine x4  
  85  7:32  SCV  
  85  7:34  Supply Depot  
  85  7:36  Supply Depot  
  86  7:39  Marine  
  86  7:40  Combat Shields, SCV  
  88  7:46  SCV, Marine x4  
  93  7:55  Siege Tank  
  93  7:57  Supply Depot, Marine  
  97  8:00  Supply Depot  
  97  8:03  Marine  
  97  8:04  SCV  
  99  8:05  Marine x2  
  101  8:18  Marine x2  
  83  8:21  Marine  
  83  8:23  Marine  
  83  8:24  Marine  
  82  8:28  Siege Tank  
  82  8:32  SCV  
  86  8:35  Marine  
  86  8:36  Marine  
  86  8:39  Marine  
  86  8:41  SCV, Marine  
  89  8:42  Marine  
  89  8:44  Terran Infantry Armor Level 1  
  92  9:00  Command Center, Marine x2  
  94  9:07  Siege Tank  
  94  9:08  Marine  
  98  9:10  SCV  
  98  9:13  Barracks  
  98  9:16  Barracks  
  97  9:22  Marine x2  
  97  9:24  SCV  
  100  9:28  Marine  
  101  9:32  Marine  
  101  9:33  SCV  
  101  9:36  Marine  
  104  9:39  Siege Tank  
  104  9:40  Marine x2  
  104  9:44  Factory  
  109  9:46  Marine  
  109  9:50  SCV, Medivac x2, Marine  
  115  9:55  Marine  
  115  9:56  SCV  
  117  10:00  Armory  
  117  10:01  Engineering Bay  
  117  10:06  Marine  
  117  10:07  SCV  
  118  10:08  Marine  
  119  10:15  Siege Tank  
  119  10:17  Barracks Reactor  
  122  10:22  Orbital Command  
  122  10:25  SCV  
  122  10:27  Marine  
  90  10:35  Medivac  
  124  10:39  Marine  
  124  10:41  Barracks Reactor  
  127  10:44  Supply Depot  
  127  10:46  Supply Depot, Factory Tech Lab  
  127  10:47  Siege Tank  
  127  10:49  SCV, Marine x2  
  133  10:52  Marine  
  132  10:57  SCV, Marine x2  
  135  11:04  Marine x2  
  135  11:05  Siege Tank  
  135  11:07  Marine x2  
  135  11:10  Marine  
  143  11:14  Terran Infantry Weapons Level 2, Marine  
  143  11:15  Marine  
  145  11:19  SCV  
  145  11:22  Marine  
  145  11:23  Terran Vehicle Weapons Level 1  
  147  11:39  Siege Tank, Marine x5  
  154  11:40  Marine x2  
  157  12:00  Terran Infantry Armor Level 2  
  157  12:03  Supply Depot  
  157  12:04  Siege Tank, Medivac, Supply Depot, Marine x2  
  157  12:06  Supply Depot  
  157  12:07  SCV  
  165  12:12  SCV  
  165  12:20  Supply Depot  
  165  12:22  Supply Depot  
  165  12:24  Siege Tank, SCV, Medivac, Marine x2  
  165  12:25  Marine  
  174  12:33  SCV  
  174  12:34  Medivac  
  174  12:36  Refinery  
  177  12:39  Siege Tank  
  177  12:40  Marine  
  177  12:42  Marine  
  177  12:43  Marine  
  182  12:45  Marine  
  182  12:46  Marine  
  182  12:50  SCV  
  182  12:51  SCV  
  186  12:52  SCV  
  186  12:53  Marine x2  
  186  12:54  Medivac  
  186  12:56  Siege Tank  
  194  13:04  Medivac  
  196  13:08  Marine x3  
  199  13:16  Marine  
  199  13:19  Terran Vehicle Weapons Level 2  
  200  13:55  Terran Infantry Weapons Level 3  
  200  14:12  Refinery  
  200  14:14  Factory  
  199  14:18  Barracks  
  199  14:19  Barracks x2  
  199  14:22  Command Center  
  199  14:26  Command Center  
  199  14:27  Marine  
  198  14:44  Siege Tank x2, Marine x4  
  198  14:45  Marine x2  
  188  14:54  SCV  
  175  15:03  Marine  
  120  15:09  Marine x4  
  120  15:11  Marine x2  
  108  15:16  Siege Tank x2  
  107  15:24  Marine x3  
  107  15:27  Marine x3  
  97  15:48  Siege Tank x2  
  97  15:49  Marine x2  
  101  15:56  Marine  
  101  15:57  Marine x2  
  99  16:04  Marine x2  
  102  16:08  Orbital Command  
  103  16:13  Marine  
  103  16:14  Marine x3  
  101  16:21  Marine  
  101  16:25  SCV  
  103  16:28  Marine x3  
  106  16:35  Marine x2  
  106  16:36  Marine  
  109  16:41  Medivac  
  109  16:43  Marine  
  112  16:47  SCV  
  113  17:00  SCV, Marine  
  113  17:01  Marine  
  95  17:53  Orbital Command  
  95  18:03  Orbital Command  
  95  18:05  Marine x5  
  102  18:06  Marine x2  
  102  18:07  Marine x4  
Show
View Real Time Build Order
Export as new Build Order

Sugar Terran - Winner!

Build Orders: 1/1/1, Banshee Rush 

Get SALT Encoding   

  12  0:00  SCV  
  13  0:12  SCV  
  14  0:18  Supply Depot  
  14  0:24  SCV  
  15  0:29  Refinery  
  15  0:39  SCV  
  16  0:44  Barracks  
  16  0:51  SCV  
  16  0:57  Refinery  
  17  1:03  SCV  
  18  1:16  SCV  
  19  1:32  Orbital Command  
  19  1:33  Reaper  
  20  1:40  Factory  
  20  1:50  Supply Depot  
  20  2:00  SCV  
  21  2:05  Reaper  
  22  2:12  SCV  
  23  2:25  Hellion, Starport  
  25  2:31  SCV  
  25  2:37  Reaper  
  25  2:40  Supply Depot  
  27  2:44  SCV  
  27  2:48  Hellion  
  29  2:56  SCV  
  30  3:09  Reaper  
  30  3:11  Hellion  
  30  3:12  Starport Tech Lab  
  33  3:15  Supply Depot  
  33  3:19  SCV  
  34  3:31  Banshee, Cloaking Field  
  37  3:35  Hellion  
  37  3:40  Supply Depot  
  40  3:41  SCV  
  43  4:05  Supply Depot  
  43  4:13  Barracks Reactor  
  43  4:14  Factory Tech Lab  
  40  4:20  Command Center, SCV  
  41  4:42  Command Center  
  41  4:46  Siege Tank  
  41  4:50  SCV  
  45  5:07  SCV  
  41  5:17  Viking  
  41  5:21  Marine x2  
  39  5:23  Siege Tank  
  44  5:41  Engineering Bay  
  44  5:45  SCV  
  45  5:58  SCV  
  43  6:04  Marine x2  
  45  6:14  Orbital Command  
  45  6:15  SCV  
  45  6:17  SCV  
  47  6:24  Marine x2  
  49  6:28  Siege Tank  
  52  6:34  Orbital Command  
  52  6:43  SCV x2  
  54  6:52  Marine x2  
  56  6:58  Barracks x2  
  56  6:59  SCV  
  56  7:00  SCV  
  56  7:04  SCV  
  56  7:07  Starport Reactor  
  57  7:10  Marine x2  
  57  7:12  Siege Tank  
  57  7:14  SCV x2  
  64  7:17  SCV  
  65  7:27  SCV, Marine  
  65  7:28  SCV, Marine  
  69  7:34  SCV  
  69  7:36  Refinery  
  70  7:37  Refinery  
  70  7:44  Siege Tank  
  70  7:45  Marine  
  70  7:46  Barracks Reactor, Engineering Bay  
  70  7:47  Stimpack  
  70  7:48  Viking x2  
  78  7:51  SCV  
  78  7:55  Missile Turret  
  78  7:57  Missile Turret  
  77  8:17  Siege Tank, Marine x2  
  77  8:18  Marine  
  73  8:21  Marine  
  73  8:24  Medivac x2  
  76  8:31  Terran Infantry Weapons Level 1, Terran Infantry Armor Level 1  
  76  8:32  Barracks  
  76  8:34  Barracks  
  76  8:35  Marine  
  76  8:39  Marine x2  
  79  8:48  Sensor Tower  
  79  8:49  Missile Turret  
  79  8:51  Orbital Command  
  79  8:55  Medivac x2  
  81  8:58  SCV x2  
  81  9:00  Marine x2  
  81  9:02  Marine x2  
  89  9:10  SCV x2  
  89  9:12  Supply Depot  
  89  9:14  Marine  
  91  9:18  Marine x2  
  93  9:30  Marine x2  
  93  9:31  Supply Depot  
  93  9:32  Supply Depot  
  93  9:33  SCV x2, Marine  
  96  9:41  Siege Tank, Marine x2  
  96  9:45  SCV  
  101  9:50  SCV  
  101  9:51  Armory  
  101  9:52  Marine x2  
  104  9:54  Bunker  
  104  9:59  Marine x2  
  104  10:01  Barracks Reactor x2  
  104  10:03  SCV  
  104  10:04  SCV  
  107  10:10  Supply Depot x2  
  107  10:13  Siege Tank  
  109  10:16  Barracks x2  
  109  10:18  SCV, Barracks  
  109  10:19  SCV  
  111  10:22  SCV  
  112  10:30  SCV  
  112  10:32  SCV  
  112  10:34  SCV, Marine x2  
  117  10:38  Marine x3  
  117  10:39  Terran Infantry Armor Level 2, Terran Infantry Weapons Level 2  
  117  10:42  SCV  
  121  10:45  Siege Tank  
  121  10:49  SCV, Supply Depot x2  
  125  10:51  Supply Depot  
  125  10:52  Combat Shields  
  125  10:53  SCV  
  126  10:57  Marine x2  
  126  10:58  SCV  
  126  11:02  Marine x3  
  126  11:03  Marine  
  126  11:04  Barracks Reactor  
  133  11:05  Barracks Reactor x2  
  133  11:10  SCV  
  134  11:16  Marine x4  
  134  11:17  Siege Tank  
  140  11:19  SCV  
  140  11:21  Refinery x2  
  140  11:23  Marine x2  
  140  11:24  Marine x2  
  144  11:37  Marine x4  
  147  11:41  Supply Depot x3  
  147  11:44  Marine  
  147  11:45  Marine x3  
  147  11:46  Marine x7  
  157  11:49  Sensor Tower  
  156  11:54  Marine  
  157  12:02  Medivac x2, Marine x4  
  165  12:13  Command Center  
  165  12:16  Siege Tank  
  165  12:21  Factory  
  168  12:28  Marine x2  
  169  12:32  Marine x3  
  169  12:33  Marine  
  169  12:34  Marine x2  
  169  12:35  Marine  
  169  12:36  Marine x3  
  178  12:41  Marine x2  
  177  12:48  Siege Tank  
  177  12:50  Supply Depot  
  180  12:53  Supply Depot  
  180  12:54  Marine  
  181  12:59  Terran Infantry Weapons Level 3  
  181  13:05  Terran Infantry Armor Level 3  
  181  13:10  Terran Vehicle Weapons Level 1  
  181  13:11  Marine x3  
  184  13:18  Marine x2  
  186  13:21  Marine  
  186  13:22  Medivac x2, Marine x2  
  193  13:37  Marine x3  
  193  13:39  Siege Tank, Marine  
  200  14:16  Factory Tech Lab  
  200  14:24  Marine  
  187  14:45  Siege Tank, Marine x4  
  184  14:46  Marine x5  
  184  14:47  Medivac x2, Marine x2  
  184  14:49  Marine  
  198  15:02  Marine x3  
  198  15:03  Marine x5  
  198  15:04  Marine x2  
  146  15:07  Marine x2  
  146  15:10  Marine x3  
  134  15:19  Marine x2  
  134  15:20  Marine  
  134  15:21  Marine x4  
  131  15:25  Siege Tank, Marine x3  
  131  15:26  Marine x2  
  131  15:28  Marine x2  
  129  15:31  Marine  
  116  15:37  Siege Tank, Marine x2  
  116  15:38  Marine x2  
  116  15:39  Marine x3  
  118  15:43  Marine x2  
  118  15:45  Marine  
  118  15:48  Marine  
  122  15:50  Marine  
  122  15:51  Marine x2  
  122  15:52  Marine  
  124  16:09  Siege Tank  
  127  16:11  Factory Tech Lab  
  127  16:31  Marine x5  
  132  16:33  Siege Tank, Medivac x2, Marine  
  132  16:34  Marine x8  
  132  16:35  Marine  
  132  16:36  Planetary Fortress  
  149  16:45  Siege Tank  
  152  16:49  Sensor Tower, Marine x5  
  152  16:51  Marine x3  
  152  16:52  Marine x2  
  162  16:56  Marine x2  
  162  16:57  Marine x3  
  142  17:26  Siege Tank, Marine x3  
  142  17:27  Marine x2  
  142  17:28  Marine x6  
  142  17:29  Siege Tank, Marine x3  
  154  17:34  Marine  
  145  17:43  Marine x2  
  145  17:44  Marine  
  146  17:45  Marine x2  
  146  17:46  Marine x7  
  146  17:47  Marine x2  
Tags
 
Add a new tag
Caveats
  • Supply blocks, unpowered buildings, or Contaminate may cause inaccurate times.
  • Supply counts are checked every 10 seconds.